AoeStats
← valmircampolino

Oasis

508666368Analyzed
2v2 RM · 9d ago on Sep 23, 2026· 31m 27s· 4 players
Game mode
Random Map
Map size
Medium (4 player)
Population
200
Speed
Normal
Resources
Standard
Victory
Conquest
Starting age
Dark Age
Ending age
Imperial Age
RankedLock teamsTeams togetherTeam positionsShared explorationLock speedFull tech treeHidden civsTurbo modeCheats
Victory
Defeat
🇧🇷 Mapuche · Brazil
1280
+16
🇨🇴 Vietnamese · Colombia
1268
+17
🇬🇧 Gurjaras · United Kingdom
1310
-18
🇱🇻 Sicilians · Latvia
1253
-15
melnais cinitis
10:13 Feudal Age
13:43 Fletching
14:53 Loom
17:05 Double-Bit Axe
17:03 Horse Collar
20:37 Wheelbarrow
24:13 Castle Age
25:19 Heavy Plow
25:31 Bow Saw
25:39 Hand Cart
28:27 Bodkin Arrow
28:33 Padded Archer Armor
28:27 Man-at-Arms
28:52 Gambesons
29:08 Squires
29:36 Long Swordsman
Cicdolfin
7:29 Loom
9:14 Feudal Age
10:36 Double-Bit Axe
14:34 Horse Collar
15:33 Fletching
21:46 Castle Age
19:54 Gold Mining
21:00 Padded Archer Armor
22:23 Bodkin Arrow
22:45 Bow Saw
22:09 Crossbowman
23:13 Heavy Plow
24:26 Leather Archer Armor
26:28 Ballistics
29:50 Thumb Ring
30:30 Wheelbarrow
30:21 Stone Mining
lukardo
6:09 Loom
9:06 Feudal Age
11:12 Double-Bit Axe
13:42 Town Watch
16:22 Fletching
17:44 Padded Archer Armor
24:29 Castle Age
22:51 Horse Collar
23:03 Gold Mining
24:54 Crossbowman
25:30 Bodkin Arrow
26:22 Leather Archer Armor
27:13 Ballistics
valmircampolino
2:40 Loom
12:12 Feudal Age
12:13 Champi Runner
14:21 Scale Mail Armor
14:32 Forging
14:10 Horse Collar
19:14 Wheelbarrow
24:00 Castle Age
22:48 Double-Bit Axe
23:11 Gold Mining
24:01 Champi Warrior
25:02 Chain Mail Armor
25:23 Iron Casting
25:06 Arson
Connection lost

Rejoining the realm…

Still unreachable

The connection could not be restored.

Session expired

The server has moved on; the page needs a fresh start.